Map: Ephemeron LE

Players

Ratl

  • Race: Zerg Zerg
  • League: Silver
  • Spawn Location: 11:00

xirt - Winner!

  • Race: Terran Terran
  • League: Gold
  • Spawn Location: 5:00

VOD

Have the link to the VOD?

Description

Time

  • Played on: Feb. 12, 2020, 11:42 a.m.
  • Length: 7:45
Show
View Real Time Build Order
Export as new Build Order

Ratl Zerg 

Build Orders: Hatch First 

Get SALT Encoding   

  12  0:04  Drone  
  13  0:12  Overlord  
  13  0:18  Drone  
  14  0:32  Drone x2  
  16  0:42  Drone  
  17  0:56  Drone  
  18  0:57  Hatchery  
  17  1:11  Spawning Pool  
  17  1:14  Drone  
  17  1:17  Drone  
  18  1:27  Drone  
  19  1:35  Extractor  
  19  1:36  Drone  
  19  1:42  Drone  
  20  1:58  Drone  
  21  2:04  Drone  
  22  2:09  Queen  
  22  2:11  Queen  
  22  2:12  Drone  
  22  2:15  Drone  
  28  2:27  Overlord x2  
  28  2:45  Drone x2  
  28  2:46  Drone x2  
  32  2:55  Drone  
  33  3:00  Drone  
  33  3:05  Drone  
  35  3:07  Drone  
  36  3:18  Overlord  
  36  3:19  Drone  
  37  3:23  Drone x2  
  37  3:24  Drone  
  40  3:29  Drone x4  
  44  3:38  Overlord  
  44  3:40  Queen  
  46  3:42  Lair  
  46  3:43  Drone  
  46  3:44  Hatchery  
  46  3:47  Extractor  
  46  3:48  Drone x2  
  46  3:49  Extractor  
  46  3:59  Drone  
  46  4:00  Drone x6  
  53  4:10  Drone x2  
  53  4:16  Drone  
  56  4:21  Drone  
  57  4:28  Roach Warren  
  56  4:41  Evolution Chamber  
  56  4:43  Drone  
  56  4:44  Drone x3  
  59  4:50  Drone  
  60  5:12  Roach  
  60  5:13  Roach x2  
  65  5:14  Roach  
  65  5:16  Roach  
  65  5:17  Roach  
  65  5:19  Overlord  
  63  5:28  Drone x8  
  54  5:31  Queen  
  59  5:47  Drone  
  59  5:48  Drone x5  
  56  5:58  Roach x5  
  53  6:06  Drone x3  
  56  6:31  Drone x4  
  56  6:32  Drone x4  
  64  6:52  Drone x6  
  64  6:53  Drone x4  
  74  7:10  Overlord x5  
  74  7:18  Extractor  
  74  7:19  Extractor  
  74  7:20  Drone x2  
  74  7:30  Drone x6  
  74  7:31  Drone  
Show
View Real Time Build Order
Export as new Build Order

xirt Terran - Winner!

Build Orders:  

Get SALT Encoding   

  12  0:01  SCV  
  13  0:13  SCV  
  14  0:17  Supply Depot  
  14  0:25  SCV  
  15  0:39  SCV  
  15  0:41  Barracks  
  16  0:51  SCV  
  16  0:53  Refinery  
  17  1:03  SCV  
  18  1:04  Refinery  
  18  1:15  SCV  
  19  1:27  SCV  
  19  1:28  Supply Depot  
  20  1:38  Barracks Tech Lab  
  20  1:39  SCV  
  21  1:43  Barracks  
  21  1:51  SCV  
  22  1:59  Stimpack  
  22  2:00  Engineering Bay  
  22  2:01  Marine  
  22  2:05  SCV  
  24  2:17  SCV  
  25  2:29  SCV, Factory  
  26  2:35  Supply Depot  
  26  2:38  Barracks Reactor  
  26  2:41  Marine, SCV  
  28  2:51  Terran Infantry Weapons Level 1  
  28  2:59  Marine, Supply Depot  
  29  3:18  Starport  
  29  3:22  Marine x3  
  32  3:27  Supply Depot  
  32  3:38  Combat Shield  
  32  3:40  Marine x3  
  35  3:52  Supply Depot  
  35  3:55  Medivac  
  37  4:03  Marine x3  
  37  4:05  Factory Tech Lab  
  40  4:21  Marine x3, Supply Depot  
  43  4:25  Medivac  
  45  4:39  Marine x3  
  45  4:41  Orbital Command  
  48  4:55  Medivac  
  48  4:57  Marine x3  
  53  6:08  Marine x3  
  53  6:10  Medivac, Siege Tank  
  61  6:22  Command Center  
  61  6:23  Supply Depot  
  61  6:25  Marine  
  61  6:26  Marine x2  
  64  6:42  Siege Tank  
  67  6:55  Starport Tech Lab  
  67  7:02  SCV  
  68  7:14  SCV  
  72  7:20  Refinery  
  72  7:26  SCV  
  73  7:36  Refinery  
Tags
 
Matchup
TvZ
Spawn Locations
Cross Positions
Add a new tag
Caveats
  • Supply blocks, unpowered buildings, or Contaminate may cause inaccurate times.
  • Supply counts are checked every 10 seconds.